 Dungeon Crawl Stone Soup version 0.17-a0-1920-gafa4d75 (webtiles) character file.

4697 4thArraOfDagon the Grappler (level 10, -19/92 (94) HPs)
             Began as a Troll Monk on Sept 27, 2015.
             Was a Priest of Cheibriados.
             Killed from afar by Erica (28 damage)
             ... with an orb of energy
             ... on level 10 of the Dungeon.
             The game lasted 00:11:28 (2433 turns).

4thArraOfDagon the Grappler (Troll Monk)            Turns: 2433, Time: 00:11:28

HP:   -19/92 (94)   AC:  5    Str: 29    XL:     10   Next: 21%
MP:   0/12          EV: 13    Int: 17    God:    Cheibriados [***...]
Gold: 205           SH:  0    Dex: 20    Spells: 0 memorised, 9 levels left

rFire  . . .     SeeInvis .       - Unarmed
rCold  . . .     Clarity  .     a - +0 robe
rNeg   . . .     SustAt   .     (no shield)
rPois  .         Gourm    +     (helmet restricted)
rElec  .         Spirit   .     (no cloak)
rCorr  .         Warding  .     (gloves unavailable)
rMut   .         Stasis   .     (boots unavailable)
MR     .....                    (no amulet)
Stlth  ++........               (no ring)
                                (no ring)

@: lethally poisoned (-19 -> -20), very slow, not resistant to hostile
enchantments, unstealthy
A: unfitting armour, claws 3, fast metabolism 3, gourmand, regeneration 2,
shaggy fur 1, tough skin 2
a: Bend Time, Temporal Distortion, Renounce Religion


You were on level 10 of the Dungeon.
You worshipped Cheibriados.
Cheibriados was most pleased with you.
You were full.

You visited 2 branches of the dungeon, and saw 11 of its levels.

You collected 205 gold pieces.

Inventory:

Hand weapons
 B - a +0 blowgun
Missiles
 c - a throwing net (quivered)
Armour
 a - a +0 robe (worn)
Magical staves
 p - an uncursed staff of conjuration {unknown}
 t - an uncursed staff of air {unknown}
Magical devices
 i - a wand of cold (0)
 r - a wand of frost (29)
 u - a wand of slowing (34)
 w - a wand of lightning (0)
Scrolls
 d - a scroll of blinking {unknown}
 e - a scroll of random uselessness {unknown}
 f - 2 scrolls of enchant weapon {unknown}
 g - 11 scrolls of identify {unknown}
 k - a scroll of teleportation {unknown}
 l - a scroll of immolation {unknown}
 m - 3 scrolls of remove curse {unknown}
 n - a scroll of silence {unknown}
 o - 3 scrolls of enchant armour {unknown}
 x - a scroll of vulnerability {unknown}
 y - a scroll of recharging {unknown}
Comestibles
 b - 5 bread rations
 h - a slice of pizza
 q - a meat ration
 s - 3 beef jerkies


   Skills:
 + Level 4.8 Fighting
 + Level 5.1 Dodging
 - Level 1.1 Stealth
 * Level 12.4 Unarmed Combat
 + Level 4.2 Invocations


You had 9 spell levels left.
You didn't know any spells.

Dungeon Overview and Level Annotations

Branches:
Dungeon (10/15)            Temple (1/1) D:7
   Lair: D:8-11         Orc: D:9-12

Altars:
Ashenzari
Cheibriados
Dithmenos
Elyvilon
Fedhas
Gozag
Kikubaaqudgha
Makhleb
Nemelex Xobeh
Okawaru
Qazlal
Ru
Sif Muna
Trog
Xom
Yredelemnul
Zin
The Shining One

Annotations:
D:10 Erica


Innate Abilities, Weirdness & Mutations

You are too large for most types of armour.
You have claws for hands.
Your metabolism is lightning-fast.
You like to eat raw meat.
You heal very quickly.
You are covered in fur (AC +1).
You have very tough skin (AC +2).


Message History

Okay, then.
Use which ability?
You warp the flow of time around you!
You feel quite a bit less full.
Cheibriados reduces the support of your attributes as your movement quickens.
Use which ability?
You warp the flow of time around you!
You feel somewhat less full.
Use which ability?
You warp the flow of time around you!
You feel somewhat less full.
You can no longer inflict damage on those overly hasty.
Cheibriados reduces the support of your attributes as your movement quickens.
Throwing (i - inventory):
c - 2 throwing nets (quivered)
Press: ? - help, Shift-Dir - straight line, f - Erica
Aim: Erica, wielding a scimitar of flaming, wearing a robe and carrying a wand of lightning {zapped: 5} You throw a throwing net.
The throwing net hits Erica.
Erica is caught in the net!
You feel sick.
Erica struggles against the net.
You mangle Erica!!
Erica is moderately wounded.
Erica points at you and mumbles some strange words.
The orb of energy hits you!
You die...

########..##.###
######.....#.#.
##.##.#
#.....#.#.
#.##.#
#.###.#...
#..#.# #.#
#.#... ##[#.#
#.# #.#... #...#
#. ..#.#.
##..##########
..#.#.
#..##@.......
#.#. #..##@#
#.#. #..##.#
#.#. .####..##.#
#.# ...........#
........####
.......>.
.......##
....... .......


You could see Erica (caught).

Vanquished Creatures
  The ghost of Tux the Thaumaturge, an experienced DEEE of Vehumet (D:8)
  A hill giant (D:10)
  A wyvern (D:10)
  4 yaks (D:10)
  The ghost of 4thArraOfDagon the Ruffian, an average TrMo (D:4)
  An orc warrior (D:7)
  2 ogres
  5 centaurs
  2 necrophages
  6 giant frogs
  A scorpion (D:9)
  11 killer bees
  2 centaur zombies
  6 crimson imps
  2 giant frog zombies (D:6)
  3 iguanas
  3 orc priests
  A hound (D:8)
  6 orc wizards
  A worker ant (D:8)
  3 hound zombies
  2 hound skeletons
  10 gnolls
  5 adders
  3 shadow imps
  An ooze (D:7)
  2 worms
  A giant gecko (D:6)
  20 orcs
  3 giant cockroaches
  4 hobgoblins
  7 jackals
  3 quokkas
  4 bats
  A giant newt (D:3)
  8 goblins
  A kobold (D:3)
  A quokka skeleton (D:9)
  A quokka zombie (D:9)
  4 rats
144 creatures vanquished.

Vanquished Creatures (others)
  A giant gecko (D:10)
  2 plants (D:7)
3 creatures vanquished.

Grand Total: 147 creatures vanquished

Notes
Turn   | Place    | Note
--------------------------------------------------------------
     0 | D:1      | 4thArraOfDagon the Troll Monk began the quest for the Orb.
     0 | D:1      | Reached XP level 1. HP: 22/22 MP: 0/0
   131 | D:1      | Reached XP level 2. HP: 27/29 MP: 1/1
   305 | D:4      | You fall through a shaft for 3 floors!
   305 | D:7      | Noticed a giant frog
   307 | D:7      | Noticed a giant frog
   320 | D:7      | Killed a giant frog
   320 | D:7      | Reached skill level 5 in Unarmed Combat
   320 | D:7      | Reached XP level 3. HP: 18/36 MP: 2/2
   320 | D:7      | Reached XP level 4. HP: 22/44 MP: 3/3
   322 | D:7      | Found a staircase to the Ecumenical Temple.
   348 | D:7      | Reached skill level 6 in Unarmed Combat
   375 | D:7      | Reached XP level 5. HP: 25/50 MP: 4/4
   399 | Temple   | Entered the Ecumenical Temple
   486 | Temple   | :(
   527 | D:7      | RIP
   534 | D:7      | Found a shimmering altar of Xom.
   535 | D:7      | Found a burning altar of Makhleb.
   570 | D:7      | Noticed a centaur
   578 | D:7      | Killed a centaur
   578 | D:7      | Reached skill level 7 in Unarmed Combat
   616 | D:7      | Reached XP level 6. HP: 48/59 MP: 5/5
   636 | D:7      | Noticed a hungry ghost
   719 | D:8      | Noticed Tux's ghost (experienced DEEE)
   751 | D:8      | HP: 2/59 [Tux's ghost (3)]
   758 | D:8      | Killed Tux's ghost
   758 | D:8      | Reached skill level 9 in Unarmed Combat
   758 | D:8      | Reached XP level 7. HP: 2/66 MP: 6/6
   898 | D:8      | Reached skill level 10 in Unarmed Combat
   902 | D:8      | Found a snail-covered altar of Cheibriados.
   910 | D:8      | Became a worshipper of Cheibriados the Contemplative
   910 | D:8      | Acquired Cheibriados's first power
   998 | D:8      | Reached XP level 8. HP: 68/74 MP: 7/7
  1091 | D:8      | Reached skill level 1 in Invocations
  1126 | D:7      | Noticed a killer bee
  1126 | D:7      | Noticed a killer bee
  1126 | D:7      | Noticed a killer bee
  1126 | D:7      | Noticed a killer bee
  1127 | D:7      | Noticed a giant frog
  1136 | D:7      | Killed a killer bee
  1137 | D:7      | Killed a killer bee
  1140 | D:7      | Killed a killer bee
  1141 | D:7      | Killed a giant frog
  1170 | D:7      | Killed a killer bee
  1219 | D:7      | Found an ancient bone altar of Kikubaaqudgha.
  1250 | D:7      | Noticed an orc warrior
  1258 | D:7      | Killed an orc warrior
  1258 | D:7      | Acquired Cheibriados's second power
  1287 | D:7      | Killed a giant frog
  1314 | D:6      | Reached skill level 11 in Unarmed Combat
  1321 | D:6      | Found a blossoming altar of Fedhas.
  1365 | D:6      | Found a white marble altar of Elyvilon.
  1425 | D:5      | Entered Level 5 of the Dungeon
  1482 | D:4      | Noticed 4thArraOfDagon's ghost (average TrMo)
  1488 | D:4      | Killed 4thArraOfDagon's ghost
  1488 | D:4      | Reached XP level 9. HP: 78/83 MP: 9/9
  1704 | D:5      | Acquired Cheibriados's third power
  2253 | D:10     | Entered Level 10 of the Dungeon
  2303 | D:10     | Reached skill level 12 in Unarmed Combat
  2365 | D:10     | Noticed a hill giant
  2372 | D:10     | Reached XP level 10. HP: 43/92 MP: 11/11
  2372 | D:10     | Acquired Cheibriados's fourth power
  2372 | D:10     | Reached skill level 5 in Dodging
  2374 | D:10     | Killed a hill giant
  2419 | D:10     | Noticed Erica
  2421 | D:10     | Noticed a fire drake
  2433 | D:10     | Killed from afar by Erica

Vault maps used:
D:1:      dpeg_arrival_signposts
D:2:      first_bread, uniq_jessica
D:3:      kennysheep_the_goblin_king
D:6:      kennysheep_orc_sif_temple, tgw_fedhas, lemuel_crystal_altar
D:7:      kiku_gazebo_garden_becter, grunt_temple_overflow_champion_of_chaos,
          temple_pool_a
D:8:      kennysheep_little_box, slow_altar_2
D:9:      serial_shops, shop
D:10:     minmay_statue_hallways, minmay_lair_entry_lava, david_orc_2,
          uniq_erica
Temple:   oiseaux_autumnal_temple_12

Action                   |  1- 3 |  4- 6 |  7- 9 | 10-12 || total
-------------------------+-------+-------+-------+-------++-------
Melee: Unarmed           |    36 |    60 |   262 |     3 ||   361
Throw: Throwing net      |       |       |     1 |     1 ||     2
Invok: Slouch            |       |       |     1 |     1 ||     2
       Temporal Distorti |       |       |       |     3 ||     3
Evoke: Wand              |       |     1 |     3 |       ||     4
  Use: Potion            |       |     2 |     3 |     4 ||     9
 Stab: Held in net/web   |       |       |     2 |       ||     2
       Sleeping          |       |       |     2 |       ||     2
  Eat: Chunk             |     7 |     4 |    10 |       ||    21
